 Dungeon Crawl Stone Soup version 0.18.1-8-gdd0e5ea (webtiles) character file.

1596 GFox the Ruffian (level 8, -1/79 HPs)
             Began as a Troll Monk on May 23, 2016.
             Slain by a gnoll sergeant
             ... wielding a +3 trident of venom
              (11 damage)
             ... on level 5 of the Dungeon.
             The game lasted 00:35:44 (4199 turns).

GFox the Ruffian (Troll Monk)                       Turns: 4199, Time: 00:35:45

Health: -1/79      AC:  9    Str: 22    XL:     8   Next: 62%
Magic:  7/7        EV: 11    Int: 11    God:
Gold:   268        SH:  8    Dex: 18    Spells: 0 memorised, 7 levels left

rFire  . . .     SeeInvis .       - Unarmed
rCold  . . .     Gourm    +     a - +1 robe
rNeg   . . .     Faith    .     l - +0 shield
rPois  .         Spirit   .     (helmet restricted)
rElec  .         Dismiss  .     q - +2 cloak
rCorr  .         Reflect  .     (gloves unavailable)
SustAt .         Harm     .     (boots unavailable)
MR     .....                    (no amulet)
Stlth  ++........               (no ring)
                                c - +6 ring of dexterity

@: brilliant, lethally poisoned (-1 -> -4), very slightly contaminated,
invisible, not resistant to hostile enchantments, unstealthy
A: unfitting armour, claws 3, fast metabolism 3, gourmand, regeneration 2,
shaggy fur 1, tough skin 2
a: no special abilities


You were on level 5 of the Dungeon.
You were full.

You visited 1 branch of the dungeon, and saw 5 of its levels.

You collected 268 gold pieces.

Inventory:

Missiles
 i - 3 javelins (quivered)
Armour
 a - a +1 robe (worn)
 l - a +0 shield (worn)
 q - a +2 cloak (worn)
Jewellery
 c - a +6 ring of dexterity (left claw)
Scrolls
 g - a scroll of enchant armour
 h - 2 scrolls of fear
 k - a scroll of identify
 p - a scroll of remove curse
 r - a scroll of teleportation
Potions
 e - 2 potions of brilliance
Comestibles
 b - 6 bread rations
 f - 2 meat rations
 j - a slice of pizza
 m - 14 chunks of flesh
 o - a beef jerky


   Skills:
 + Level 4.9 Fighting
 + Level 6.2 Dodging
 + Level 2.2 Stealth
 + Level 0.2 Shields
 + Level 7.2 Unarmed Combat


You had 7 spell levels left.
You didn't know any spells.

Dungeon Overview and Level Annotations

Branches:
Dungeon (5/15)
 Temple: D:4-7

Altars:
Gozag
Trog
Yredelemnul

Shops:
D:4 *   D:5 *


Innate Abilities, Weirdness & Mutations

You are too large for most types of armour.
You have claws for hands.
Your metabolism is lightning-fast.
You like to eat raw meat.
You heal very quickly.
You are covered in fur (AC +1).
You have very tough skin (AC +2).


Message History

You feel sick.
The gnoll hits you from afar with a spear.
* * * LOW HITPOINT WARNING * * *
The gnoll sergeant hits you but does no damage.
You are more poisoned.
You feel sick.
You feel sick.
You feel sick.
You feel sick.
You feel sick.
You feel sick. You block the gnoll's attack.
The gnoll sergeant hits you with a trident of venom.
* * * LOW HITPOINT WARNING * * *
You are more poisoned.
You feel sick. The gnoll barely misses you.
The gnoll sergeant barely misses you.
You feel sick. The gnoll barely misses you.
You feel sick.
The gnoll sergeant hits you from afar with a trident of venom!
You die...

####### # ############ #.....# #
#..........# #.....# #
#..........# #.....# #
#....gg...## #.....# #
#....g.@).†# #.....# #
#..#..##'#.# #.....# ######
#######....# #.....# #....#
#....#####.....### #....#
#...........#...#. '....#
#<..........#.....
###'############...........#.....
............#....###.......#.....
..........#........#.......#.....


You could see a gnoll sergeant and 2 gnolls.

Vanquished Creatures
  Pikel (D:4)
  Sigmund (D:5)
  A human (D:4)
  Edmund (D:5)
  A phantom (D:5)
  A gnoll sergeant (D:5)
  A scorpion (D:4)
  A hound (D:5)
  Crazy Yiuf (D:4)
  A giant frog skeleton (D:4)
  6 worker ants
  A killer bee zombie (D:5)
  6 adders
  A howler monkey skeleton (D:4)
  9 gnolls
  3 oozes
  An adder skeleton (D:5)
  2 worms (D:3)
  A dart slug (D:1)
  2 giant geckos
  8 orcs
  8 giant cockroaches
  11 goblins
  10 hobgoblins
  8 kobolds
  3 quokkas
  6 bats
  A giant gecko skeleton (D:4)
  7 giant newts
  A jackal zombie (D:4)
  14 rats
119 creatures vanquished.

Notes
Turn   | Place    | Note
--------------------------------------------------------------
     0 | D:1      | GFox the Troll Monk began the quest for the Orb.
     0 | D:1      | Reached XP level 1. HP: 22/22 MP: 0/0
   185 | D:1      | Reached XP level 2. HP: 9/29 MP: 1/1
   443 | D:1      | Reached XP level 3. HP: 36/36 MP: 2/2
  1262 | D:2      | Reached XP level 4. HP: 44/44 MP: 3/3
  1429 | D:2      | Reached skill level 5 in Unarmed Combat
  1461 | D:2      | Found a basalt altar of Yredelemnul.
  1467 | D:2      | Found a bloodstained altar of Trog.
  2192 | D:3      | Reached XP level 5. HP: 49/53 MP: 4/4
  2654 | D:4      | Found a runed door.
  2654 | D:4      | Noticed a human
  2655 | D:4      | Found a basalt altar of Yredelemnul.
  2861 | D:4      | Reached XP level 6. HP: 60/61 MP: 5/5
  2920 | D:4      | Noticed Crazy Yiuf
  2925 | D:4      | Killed Crazy Yiuf
  3023 | D:4      | Noticed a slave
  3024 | D:4      | Noticed Pikel
  3024 | D:4      | Noticed a slave
  3090 | D:4      | Killed a human
  3127 | D:4      | Noticed a slave
  3158 | D:4      | Noticed a slave
  3169 | D:4      | Killed Pikel
  3169 | D:4      | Reached skill level 5 in Dodging
  3169 | D:4      | Reached skill level 6 in Unarmed Combat
  3169 | D:4      | Reached XP level 7. HP: 36/70 MP: 6/6
  3369 | D:4      | Reached XP level 8. HP: 79/79 MP: 7/7
  3441 | D:4      | Found Pydonomn's General Store.
  3543 | D:5      | Entered Level 5 of the Dungeon
  3607 | D:5      | Noticed Edmund
  3622 | D:5      | Killed Edmund
  3641 | D:5      | Found Gozag's Platinum Reserve.
  3657 | D:5      | Found an opulent altar of Gozag.
  3946 | D:5      | Noticed Sigmund
  3951 | D:5      | Killed Sigmund
  3951 | D:5      | Reached skill level 7 in Unarmed Combat
  4199 | D:5      | Slain by a gnoll sergeant

Skill      XL: |  1  2  3  4  5  6  7  8 |
---------------+-------------------------+-----
Unarmed Combat | 5 6 7 |  7.2
Fighting       | 3 4 |  4.9
Dodging        | 3 5 6 |  6.2
Stealth        | 2 |  2.2
Shields        | |  0.2

Action                   |  1- 3 |  4- 6 |  7- 9 || total
-------------------------+-------+-------+-------++-------
Melee: Unarmed           |    87 |   152 |    95 ||   334
       Punch             |       |     5 |       ||     5
  Use: Scroll            |       |     9 |     1 ||    10
       Potion            |       |       |     3 ||     3
 Stab: Sleeping          |     4 |       |     4 ||     8
       Distracted        |       |     1 |       ||     1
  Eat: Chunk             |    11 |    22 |     8 ||    41
Armor: Robe              |    34 |    47 |    26 ||   107
Dodge: Dodged            |    52 |    79 |    47 ||   178
Block: Shield            |       |       |    18 ||    18
